 Dungeon Crawl Stone Soup version 0.17.1-3-g152610e (webtiles) character file.

58 Charly the Insei (level 4, 0/21 HPs)
             Began as a Vine Stalker Transmuter on May 3, 2016.
             Slain by an orc
             ... wielding a +0 club
              (3 damage)
             ... on level 3 of the Dungeon.
             The game lasted 00:05:06 (287 turns).

Charly the Insei (Vine Stalker Transmuter)           Turns: 287, Time: 00:05:06

Health: 0/21       AC:  2    Str: 12    XL:     4   Next: 1%
Magic:  0/8        EV: 12    Int: 14    God:
Gold:   25         SH:  0    Dex: 15    Spells: 2 memorised, 4 levels left

rFire  . . .     SeeInvis .       - Unarmed
rCold  . . .     Clarity  .     b - +0 robe
rNeg   . . .     SustAt   .     (no shield)
rPois  .         Gourm    .     (no helmet)
rElec  .         Spirit   +     (no cloak)
rCorr  .         Warding  .     (no gloves)
rMut   .         Stasis   .     (no boots)
MR     .....                    (no amulet)
Stlth  +.........               (no ring)
                                (no ring)

@: not resistant to hostile enchantments, very unstealthy
A: fangs 2, regeneration 1, magic shield, antimagic bite, no device heal 3, rot
immunity
a: no special abilities


You were on level 3 of the Dungeon.
You were not hungry.

You visited 1 branch of the dungeon, and saw 4 of its levels.

You collected 25 gold pieces.

Inventory:

Missiles
 a - 10 arrows
Armour
 b - a +0 robe (worn)
Wands
 j - a wand of fireball (2)
 l - a wand of draining (3)
Scrolls
 e - 3 scrolls of remove curse {unknown}
 f - a scroll of amnesia {unknown}
 g - a scroll of enchant armour {unknown}
 h - 3 scrolls of identify {unknown}
 i - a scroll of magic mapping {unknown}
Potions
 k - a potion of poison {unknown}
Books
 c - a book of Changes

   Spells                             Type                      Level
   a - Beastly Appendage              Transmutation                1
   b - Sticks to Snakes               Transmutation                2
   c - Spider Form                    Transmutation/Poison         3
   d - Ice Form                       Ice/Transmutation            4
   e - Blade Hands                    Transmutation                5
Comestibles
 d - 2 bread rations


   Skills:
 - Level 0.8 Fighting
 - Level 1.5 Dodging
 + Level 3.9 Unarmed Combat
 - Level 2.1 Spellcasting
 + Level 3.3 Transmutations


You had 4 spell levels left.
You knew the following spells:

 Your Spells              Type           Power        Failure   Level  Hunger
a - Beastly Appendage     Trmt           ##....       10%         1    #......
s - Sticks to Snakes      Trmt           ##........   12%         2    ###....


Dungeon Overview and Level Annotations

Branches:
Dungeon (4/15)
 Temple: D:4-7

Altars:

Annotations:
D:4 Eustachio


Innate Abilities, Weirdness & Mutations

You have extremely sharp teeth.
Your natural rate of healing is unusually fast.
When hurt, damage is shared between your health and your magic reserves.
Your bite disrupts and absorbs the magic of your enemies.
Potions and wands cannot restore your health.
You are immune to rotting.


Message History

You have reached level 4!
You feel agile.
Evoking this partially-identified wand wasted a few charges.
The orc hits you with a club.
* * * LOW HITPOINT WARNING * * *
The orc wizard gestures at you while chanting.
The puff of frost misses you.
Unknown command.
The orc hits you with a club.
* * * LOW HITPOINT WARNING * * *
Eustachio gestures wildly while chanting.
The orc wizard hits you with a dagger.
* * * LOW HITPOINT WARNING * * *
You climb upwards.
There is a stone staircase leading down here.
Unknown command.
You hit the orc wizard. Your bite misses the orc wizard.
The orc wizard is heavily wounded.
The orc hits you with a club.
You die...

#####
########...#######
..........o.......
..#####...@.......
#.# ###[).o..#####
#.# #...[........
#.# #.##.#...####
#.###.##<##.##
#.##...#.# .#
#........##.#
#..).....#..#
#######..........#


You could see an orc wizard and an orc.

Vanquished Creatures
  An orc priest (D:4)
  2 giant geckos
  4 orcs
  A bat (D:2)
  A giant cockroach (D:2)
  2 hobgoblins
  A goblin (D:3)
  4 kobolds
  2 rats (D:1)
18 creatures vanquished.

Vanquished Creatures (collateral kills)
  An orc (D:3)
  A rat (D:3)
2 creatures vanquished.

Grand Total: 20 creatures vanquished

Notes
Turn   | Place    | Note
--------------------------------------------------------------
     0 | D:1      | Charly the Vine Stalker Transmuter began the quest for the Orb.
     0 | D:1      | Reached XP level 1. HP: 9/9 MP: 4/4
   101 | D:2      | Reached XP level 2. HP: 14/14 MP: 4/6
   109 | D:2      | Learned a level 2 spell: Sticks to Snakes
   186 | D:3      | M4edhros: so, the thing is
   186 | D:3      | Charly: you wanted to say smthing bout chei
   187 | D:3      | M4edhros: to randomly draw from deck of changes/wonders
   192 | D:3      | M4edhros: with around 200+gold
   200 | D:3      | M4edhros: and getting ur own polearm wielder, naga or merfolk
   208 | D:3      | M4edhros: it helps so much, they serve as additional free dmg
   208 | D:3      | M4edhros: they take away a bit of exp, but they level up on their own also
   208 | D:3      | M4edhros: for octopode it works like a charm
   208 | D:3      | M4edhros: (best to get one before lair)
   208 | D:3      | Charly: additional dmg is alwys cool
   208 | D:3      | Charly: but doubt thats the gamechanger
   208 | D:3      | M4edhros: in my opinion, it saves lives
   208 | D:3      | M4edhros: makes it much easier and safer
   208 | D:3      | Charly: well it depends how you play
   208 | D:3      | Charly: and whats your goal
   208 | D:3      | Charly: I dont really care bout win%
   208 | D:3      | Charly: like now I aim to go 20k>
   208 | D:3      | Charly: so if there isnt early SF
   208 | D:3      | Charly: and I didnt get the first rune round 5k Ill quit
   208 | D:3      | Charly: there are many things that make the game easier and safer
   208 | D:3      | Charly: and if one was aiming for a safe gameplay
   208 | D:3      | Charly: and high win percenatge
   208 | D:3      | Charly: then chei is the worst option possilbe
   208 | D:3      | Charly: ;p
   281 | D:4      | Reached XP level 3. HP: 17/17 MP: 7/7
   284 | D:4      | Noticed Eustachio
   284 | D:4      | Reached XP level 4. HP: 6/21 MP: 3/8
   287 | D:3      | Slain by an orc

Action                   |  1- 3 |  4- 6 || total
-------------------------+-------+-------++-------
Melee: Unarmed           |    46 |     1 ||    47
 Cast: Sticks to Snakes  |     2 |       ||     2
Evoke: Wand              |     2 |     1 ||     3
 Stab: Sleeping          |     2 |       ||     2
